 Dungeon Crawl Stone Soup version 0.30.1-11-g7821555f0a (webtiles) character file.

Game seed: 8509740664588102489

1005 KyoPewz the Covert (level 8, -6/34 HPs)
             Began as a Felid Enchanter on Jan 6, 2024.
             Was a Follower of Dithmenos.
             Splashed by a jelly's acid (9 damage)
             ... on level 5 of the Dungeon.
             The game lasted 00:11:31 (5699 turns).

KyoPewz the Covert (Felid Enchanter)                Turns: 5699, Time: 00:11:32

Health: -6/34      AC: -10   Str:  4    XL:     8   Next: 0%
Magic:  12/12      EV: 19    Int: 17    God:    Dithmenos [*.....]
Gold:   309        SH:  0    Dex: 18    Spells: 3/11 levels left
                                        Lives:  0   Deaths: 2

rFire   . .          .
                       - Unarmed
rCold   . . .        (shield unavailable)
rNeg    . . .        (body armour unavailable)
rPois   .            (helmet unavailable)
rElec   .            (cloak unavailable)
rCorr   .            (gloves unavailable)
SInv    +            (boots unavailable)
Will    +....        (no amulet)
Stlth   ++++++       (no ring)
HPRegen 0.25/turn    (no ring)
MPRegen 0.13/turn

%: no passive effects
@: corroded, wreathed by umbra, quick
A: very small, claws 1, fangs 3, see invisible, speed 1, shaggy fur 2, stealthy
paws, no weapons or thrown items, no armour, multi-lived
a: Renounce Religion


You were on level 5 of the Dungeon.
You worshipped Dithmenos.
Dithmenos was aware of your devotion.
You visited 1 branch of the dungeon, and saw 5 of its levels.

You collected 309 gold pieces.

Inventory:

Jewellery
 o - a ring of fire
Wands
 g - a wand of roots (13)
Scrolls
 c - a scroll of fog {unknown}
 d - 2 scrolls of vulnerability
 e - a scroll of amnesia {unknown}
 f - a scroll of fear {unknown}
 j - a scroll of poison {unknown}
 m - 2 scrolls of enchant weapon {unknown}
 t - 3 scrolls of teleportation
 u - a scroll of enchant armour {unknown}
Potions
 a - 2 potions of invisibility
 b - 3 potions of mutation {unknown}
 h - a potion of brilliance
 i - 2 potions of magic {unknown}
 k - a potion of degeneration {unknown}
 l - a potion of berserk rage {unknown}
 n - a potion of might {unknown}
 p - a potion of lignification {unknown}
 q - 6 potions of curing
 r - 4 potions of cancellation {unknown}
 s - a potion of flight {unknown}
 v - a potion of attraction {unknown}


   Skills:
 + Level 2.5 Fighting
 + Level 4.6 Dodging
 - Level 13.5 Stealth
 + Level 2.8 Unarmed Combat
 - Level 2.0 Spellcasting
 + Level 2.4 Conjurations
 - Level 6.0 Hexes
 - Level 2.0 Ice Magic


You had 3 spell levels left.
You knew the following spells:

 Your Spells              Type           Power      Damage    Failure   Level
a - Ensorcelled Hibernat  Hex/Ice        30%        N/A       5%          2
b - Confusing Touch       Hex            22%        N/A       4%          3
c - Dazzling Flash        Conj/Hex       32%        N/A       11%         3

Your spell library contained the following spells:

 Spells                   Type           Power      Damage    Failure   Level
 Tukima's Dance           Hex            22%        N/A       4%          3
 Shock                    Conj/Air       20%        1d4       12%         1
 Inner Flame              Hex/Fire       11%        N/A       17%         3
 Sandblast                Erth           2%         2d4       19%         1
 Passwall                 Tmut/Erth      0%         N/A       28%         2
 Stone Arrow              Conj/Erth      10%        3d7       34%         3
 Swiftness                Air            1%         N/A       50%         3
 Yara's Violent Unravell  Hex/Tmut       5%         3d4       83%         5
 Airstrike                Air            0%         2d(1-17)  88%         4
 Enfeeble                 Hex            11%        N/A       100%        7


Dungeon Overview and Level Annotations

Branches:
Dungeon (5/15)
 Temple: D:4-7

Altars:
Dithmenos
Elyvilon
Nemelex Xobeh
Ru
Yredelemnul


Innate Abilities, Weirdness & Mutations

You have sharp claws.
You have razor-sharp teeth.
You have supernaturally acute eyesight. (SInv)
You cover ground quickly. (Speed+)
You are covered in thick fur. (AC +2)
Your paws help you pounce on unaware monsters.
You are incapable of wielding weapons or throwing items.
You cannot wear armour.
You gain extra lives every three experience levels.


Message History

Health restored: 34; MP restored: 12 You see here a yak corpse.
You see here a yak corpse.
You see here a yak corpse.
There is a stone staircase leading down here.
An orc is nearby!
The orc shouts!
The orc barely misses you.
You scratch the orc but do no damage. The orc barely misses you.
You closely miss the orc. The orc completely misses you.
You scratch the orc. You bite the orc.
You kill the orc!
Dithmenos accepts your kill.
No reachable target in view!
No reachable target in view!
You see here a +0 flail.
The jelly hits you.
You are splashed with acid.
You take 7 damage, and have 27/34 hp.
MASSIVE DAMAGE!!
The jelly closely misses you. Why would you want to do that?
You scratch the jelly.
Your paws burn!
The jelly is moderately wounded.
The jelly misses you.
You take 3 damage, and have 24/34 hp.
You scratch the jelly but do no damage.
Your paws burn!
The jelly is moderately wounded.
The jelly misses you.
You take 4 damage, and have 21/34 hp.
You scratch the jelly. The acid corrodes you!
Your paws burn!
The jelly is heavily wounded.
The jelly hits you.
You are splashed with acid!
* * * LOW HITPOINT WARNING * * *
You take 12 damage, and have 9/34 hp.
MASSIVE DAMAGE!!
You scratch the jelly but do no damage. The acid corrodes you!
Your paws burn!
* * * LOW HITPOINT WARNING * * *
The jelly is heavily wounded.
The jelly hits you.
* * * LOW HITPOINT WARNING * * *
The acid corrodes you!
You are splashed with acid!
You die...

........#).#
.....)..#)#########
.......o..........#
..).....).........#
#####.≈≈≈≈≈.≈≈≈...#
#.≈...§§§.≈...#
#####.≈.≈≈§≈§.≈...#
..#...≈.≈.§.§.≈...#
#...#.§.≈._.≈.≈J@.#
#.###.§.≈..§§.≈...#
#.# #.≈.≈≈≈≈≈.≈...#
#.###.§...§...≈..##
#.##..≈≈≈≈≈≈≈≈≈)##
#.#.............#
...............##
..##############
#.#


You could see a jelly.

Vanquished Creatures
  Pikel (D:5)
  The ghost of Nimbul the Sneak, an amateur KoEE (D:3)
  4 yaks (D:5)
  A centaur (D:5)
  A lemure (D:5)
  3 scorpions
  A centaur zombie (D:3)
  A jelly (D:5)
  2 hounds (D:5)
  An iguana (D:5)
  4 orc wizards
  A gnoll (D:1)
  8 adders
  An ufetubus (D:4)
  4 dart slugs
  17 orcs
  6 ball pythons
  7 endoplasms
  7 giant cockroaches
  6 goblins
  7 hobgoblins
  4 jackals (D:4)
  3 kobolds
  6 quokkas
  5 bats
  3 frilled lizards
  A jackal zombie (D:3)
  A rat (D:1)
107 creatures vanquished.

Notes
Turn   | Place    | Note
-------+----------+-------------------------------------------
     0 | D:1      | KyoPewz the Felid Enchanter began the quest for the Orb.
     0 | D:1      | Reached XP level 1. HP: 7/7 MP: 4/4
   163 | D:1      | Reached XP level 2. HP: 11/11 MP: 6/6
   167 | D:1      | Reached skill level 5 in Stealth
   382 | D:1      | Found a faded altar of an unknown god.
   434 | D:1      | Reached XP level 3. HP: 14/14 MP: 7/7
   437 | D:1      | Learned a level 2 spell: Ensorcelled Hibernation
   441 | D:1      | Learned a level 3 spell: Confusing Touch
   622 | D:1      | Reached skill level 6 in Stealth
  1951 | D:3      | Reached XP level 4. HP: 18/18 MP: 8/8
  2024 | D:3      | Reached skill level 7 in Stealth
  2297 | D:3      | Found a runed translucent gate.
  2297 | D:3      | Found a runed translucent gate.
  2297 | D:3      | Found a runed translucent gate.
  2297 | D:3      | Noticed Nimbul's ghost (amateur KoEE)
  2299 | D:3      | Found a basalt altar of Yredelemnul.
  2438 | D:3      | Reached skill level 8 in Stealth
  3029 | D:3      | Found a sparkling altar of Nemelex Xobeh.
  3044 | D:3      | Reached XP level 5. HP: 20/21 MP: 9/9
  3431 | D:3      | Killed Nimbul's ghost
  3432 | D:3      | Reached skill level 9 in Stealth
  3432 | D:3      | Gained mutation: You are covered in thick fur. (AC +2)
                  | [Felid growth]
  3432 | D:3      | Reached XP level 6. HP: 19/24 MP: 7/10
  3574 | D:4      | Reached skill level 10 in Stealth
  3857 | D:4      | Reached skill level 11 in Stealth
  4067 | D:4      | Found a shadowy altar of Dithmenos.
  4152 | D:4      | Became a worshipper of Dithmenos the Shadowed
  4504 | D:5      | Entered Level 5 of the Dungeon
  4508 | D:5      | Noticed Pikel
  4518 | D:5      | Killed Pikel
  4519 | D:5      | Reached skill level 13 in Stealth
  4519 | D:5      | Reached XP level 7. HP: 15/27 MP: 6/11
  4690 | D:5      | Reached XP level 8. HP: 29/31 MP: 12/12
  4716 | D:5      | Learned a level 3 spell: Dazzling Flash
  4800 | D:5      | Found a sacrificial altar of Ru.
  4854 | D:5      | Slain by an orc
  4855 | D:5      | Reached XP level 7. HP: 0/27 MP: 10/11
  4924 | D:5      | Found a white marble altar of Elyvilon.
  5088 | D:5      | Reached skill level 1 in Fighting
  5088 | D:5      | Reached skill level 1 in Conjurations
  5088 | D:5      | Reached skill level 1 in Ice Magic
  5136 | D:5      | Reached * piety under Dithmenos
  5169 | D:5      | Killed from afar by an orc priest
  5170 | D:5      | Reached XP level 6. HP: 0/25 MP: 0/10
  5333 | D:5      | Reached skill level 5 in Hexes
  5410 | D:5      | Noticed a yak
  5410 | D:5      | Noticed a yak
  5410 | D:5      | Noticed a yak
  5410 | D:5      | Noticed a yak
  5413 | D:5      | Killed a yak
  5414 | D:5      | Reached XP level 7. HP: 28/28 MP: 11/11
  5446 | D:5      | Killed a yak
  5464 | D:5      | Killed a yak
  5471 | D:5      | Killed a yak
  5472 | D:5      | Reached XP level 8. HP: 20/34 MP: 0/12
  5699 | D:5      | Splashed by a jelly's acid

Illustrated notes

Levels and vault maps discovered:
D:1:      eino_arrival_tree_alley, layout_basic,
          shapermc_ecumenical_altar_flowoftime, minmay_misc_feat_diagonals,
          chequers_serial_rivers_marsh, dreamdust_princess_bridge
D:2:      layout_basic
D:3:      layout_basic, overflow_temple_1_default,
          nicolae_yredelemnul_ghost_church, nrook_mini_backslash
D:4:      layout_loops_cross, mainiacjoe_overflow_small_starburst,
          kennysheep_small_square
D:5:      layout_basic, mainiacjoe_overflow_alcove_1,
          mainiacjoe_overflow_concentric_impassable, uniq_pikel

Skill      XL: |  1  2  3  4  5  6  7 |
---------------+----------------------+-----
Stealth        | 5 6 8 9 13 | 13.5
Dodging        | 4 |  4.6
Fighting       | 2 |  2.5
Conjurations   | 2 |  2.4
Ice Magic      | 2 |  2.0
Hexes          | 5 6 |  6.0
Unarmed Combat | 2 |  2.8
Spellcasting   | |  2.0

Action                     |  1- 3 |  4- 6 |  7- 9 || total
---------------------------+-------+-------+-------++-------
  Melee: Unarmed           |    86 |   125 |    97 ||   308
         Bite              |     6 |    16 |    13 ||    35
         Punch             |       |     2 |     1 ||     3
   Cast: Ensorcelled Hiber |     2 |    15 |    23 ||    40
         Confusing Touch   |       |     2 |       ||     2
    Use: Scroll            |       |     3 |       ||     3
   Stab: Sleeping          |    16 |    31 |    14 ||    61
         Confused          |       |     4 |       ||     4
         Distracted        |       |       |     2 ||     2
 Armour: Skin              |     6 |    11 |     6 ||    23
  Dodge: Dodged            |    70 |    98 |    66 ||   234
